 Dungeon Crawl Stone Soup version 0.24-a0-769-g368c1644f8 (webtiles) character file.

Game seed: 1664341998502268594, levelgen mode: deterministic

44 Johnny the Digger (level 3, -2/42 HPs)
             Began as a Demigod Earth Elementalist on Oct 6, 2019.
             Slain by a centaur (5 damage)
             ... on level 2 of the Dungeon.
             The game lasted 00:01:24 (1175 turns).

Johnny the Digger (Demigod Earth Elementalist)      Turns: 1175, Time: 00:01:24

Health: -2/42      AC: 21    Str: 11    XL:     3   Next: 23%
Magic:  8/8        EV:  2    Int: 21    God:
Gold:   94         SH:  0    Dex: 16    Spells: 5/6 levels left

rFire    . . .     SeeInvis .   f - +2 short sword (freeze)
rCold    . . .     Gourm    .   (no shield)
rNeg     + + +     Faith    .   (armour currently unavailable)
rPois    +         Spirit   .   (helmet currently unavailable)
rElec    .         Reflect  .   (cloak currently unavailable)
rCorr    .         Harm     .   (gloves currently unavailable)
MR       .....     NoTele   +   (boots currently unavailable)
Stlth    ++........             (no amulet)
HPRegen  0.14/turn              (no ring)
MPRegen  0.11/turn              (no ring)

@: tree-form, hasted, very quick
A: high mp 1
a: no special abilities


You were on level 2 of the Dungeon.
You were not hungry.
You were a tree.
You visited 1 branch of the dungeon, and saw 2 of its levels.

You collected 94 gold pieces.

Inventory:

Hand Weapons
 e - a +0 mace
 f - a +2 short sword of freezing (weapon)
Missiles
 b - 104 stones (quivered)
Armour
 c - a +0 robe (melded)
Scrolls
 a - a scroll of identify {unknown}
 h - a scroll of magic mapping {unknown}
 k - a scroll of enchant armour {unknown}
 l - a scroll of remove curse {unknown}
 m - a scroll of fog {unknown}
 n - 2 scrolls of amnesia {unknown}
Comestibles
 d - 4 rations
 o - a chunk of flesh


   Skills:
 + Level 1.0 Fighting
 + Level 2.2 Dodging
 - Level 1.7 Stealth
 + Level 2.1 Spellcasting
   Level 0.8 Transmutations
 * Level 3.3 Earth Magic


You had 5 spell levels left.
You knew the following spells:

 Your Spells              Type           Power        Failure   Level  Hunger
a - Sandblast             Erth           ###...       3%          1    #......

Your spell library contained the following spells:

 Spells                   Type           Power        Failure   Level  Hunger
 Passwall                 Tmut/Erth      ##......     10%         2    ##.....
 Stone Arrow              Conj/Erth      #.....       22%         3    ###....
 Petrify                  Tmut/Erth      ##......     52%         4    #####..
 Lee's Rapid Deconstruct  Erth           ###.......   71%         5    ######.


Dungeon Overview and Level Annotations

Branches:
Dungeon (2/15)


Innate Abilities, Weirdness & Mutations

You have an increased reservoir of magic. (+10% MP)


Message History

An adder comes into view.
You see here an arrow.
The centaur shoots an arrow.
The arrow hits you!
The centaur shoots an arrow.
The arrow hits you!
* * * LOW HITPOINT WARNING * * *
You see here an arrow.
There are monsters nearby!
Okay, then.
Okay, then.
You aren't carrying any items that you can evoke.
Unknown command.
It was a potion of haste.
You feel yourself speed up.
The centaur shoots an arrow.
The arrow barely misses you.
It was a potion of flight.
You feel very buoyant.
You fly up into the air.
It was a potion of lignification.
You turn into a tree.
Your +0 robe melds into your body.
Your roots penetrate the ground.
The centaur unwields a +0 shortbow.
The centaur hits you.
You die...

#.########.##
####...........##.#
................#.#
.###.##########.#.#
.###......... #.#.#
...#......... #.#.#
.#.#......... #.#.#
.#.#..........#(#.#####.
.#.........(....♣c......
.#.##..............####.
..............#.#SJ#
.#.#..........#.#..#
.#.#.#+#............
.#.#.# .######......
.....# # #....... .#.###
+. ...... .#.#


You could see a centaur, an ooze and an adder.

Vanquished Creatures
  A worm (D:2)
  2 dart slugs (D:1)
  A leopard gecko (D:1)
  5 orcs (D:2)
  5 bats
  3 giant cockroaches
  4 goblins
  A hobgoblin (D:1)
  A quokka (D:2)
  2 frilled lizards
  2 kobolds
  3 rats
30 creatures vanquished.

Notes
Turn   | Place    | Note
-------+----------+-------------------------------------------
     0 | D:1      | Johnny the Demigod Earth Elementalist began the quest for
                  | the Orb.
     0 | D:1      | Reached XP level 1. HP: 14/14 MP: 5/5
   448 | D:1      | Reached skill level 3 in Earth Magic
   448 | D:1      | Reached XP level 2. HP: 15/22 MP: 7/7
   981 | D:2      | Reached XP level 3. HP: 23/27 MP: 1/8
   988 | D:2      | Reached skill level 1 in Fighting
  1171 | D:2      | Noticed a centaur
  1175 | D:2      | Slain by a centaur

Levels and vault maps discovered:
D:1:      lemuel_arrival_muddy, layout_rooms
D:2:      wad_pebble_path, layout_basic

Skill      XL: |  1  2  3 |
---------------+----------+-----
Dodging        | 2 |  2.2
Earth Magic    | 3 |  3.3
Spellcasting   | 2 |  2.1
Fighting       | 1 |  1.0
Stealth        | |  1.7
Transmutations | |  0.8

Action                   || total
-------------------------++-------
Melee: Short sword       ||    39
       Unarmed           ||    11
 Cast: Sandblast         ||    20
  Use: Potion            ||     3
 Stab: Sleeping          ||     2
  Eat: Chunk             ||     1
Armor: Robe              ||    11
Dodge: Dodged            ||    25

Table legend:
 A = Non-vault XP
 B = Vault XP
 C = Vault XP percentage of total XP
 D = Non-vault monster count
 E = Vault monster count
 F = Vault count percentage of total count
                 A         B        C        D         E       F
            +---------+---------+-------+---------+---------+-------
      Total |      64 |       0 |   0.0 |      30 |       0 |   0.0
            +---------+---------+-------+---------+---------+-------
        D:1 |      31 |       0 |   0.0 |      15 |       0 |   0.0
        D:2 |      33 |       0 |   0.0 |      15 |       0 |   0.0
            +---------+---------+-------+---------+---------+-------
